 Dungeon Crawl Stone Soup version 0.16-a0-3330-g2931290 (webtiles) character file.

74 Inkie the Conjurer (level 4, -8/33 HPs)
             Began as a Draconian Wizard on Dec 28, 2014.
             Killed from afar by Crazy Yiuf (9 damage)
             ... with a wand of frost
             ... on level 2 of the Dungeon.
             The game lasted 00:09:31 (2836 turns).

Inkie the Conjurer (Draconian Wizard)               Turns: 2836, Time: 00:09:32

Health: -8/33      AC:  5    Str:  9    XL:     4   Next: 10%
Magic:  1/9        EV: 12    Int: 19    God:
Gold:   106        SH:  0    Dex: 10    Spells: 4 memorised, 1 level left

rFire  . . .     SeeInvis .     (no weapon)
rCold  . . .     Clarity  .     (armour unavailable)
rNeg   . . .     SustAb   .     (no shield)
rPois  .         Gourm    .     b - +0 hat
rElec  .         Spirit   .     (no cloak)
rCorr  .         Warding  .     (no gloves)
rMut   .         Stasis   .     (no boots)
MR     .....                    (no amulet)
Stlth  ++........               (no ring)
                                (no ring)

@: not resistant to hostile enchantments, unstealthy
A: unfitting armour, cold-blooded, AC +5
a: no special abilities


You were on level 2 of the Dungeon.
You were hungry.

You visited 1 branch of the dungeon, and saw 3 of its levels.

You collected 106 gold pieces.

Inventory:

Missiles
 h - 44 stones (quivered)
Armour
 b - a +0 hat (worn)
Jewellery
 i - an uncursed amulet of regeneration {unknown}
Scrolls
 l - a scroll of blinking {unknown}
Potions
 e - a potion of might {unknown}
 f - a potion of restore abilities {unknown}
 j - a potion of curing {unknown}
 k - a potion of mutation {unknown}
Books
 c - a book of Minor Magic

   Spells                             Type                      Level
   a - Magic Dart                     Conjuration                  1
   b - Blink                          Translocation                2
   c - Call Imp                       Summoning                    2
   d - Repel Missiles                 Charms/Air                   2
   e - Slow                           Hexes                        2
   f - Conjure Flame                  Conjuration/Fire             3
   g - Mephitic Cloud                 Conjuration/Poison/Air       3
Comestibles
 a - a meat ration
 d - 4 bread rations


   Skills:
 - Level 1.7 Dodging
 - Level 1.7 Stealth
 - Level 3.0 Spellcasting
 * Level 4.0 Conjurations
   Level 1.0 Summonings
 + Level 1.0 Translocations


You had one spell level left.
You knew the following spells:

 Your Spells              Type           Power        Failure   Level  Hunger
a - Magic Dart            Conj           ###.         3%          1    None
b - Blink                 Tloc           N/A          17%         2    ##.....
c - Conjure Flame         Conj/Fire      ##......     21%         3    ###....
d - Repel Missiles        Chrm/Air       #.....       24%         2    ##.....


Dungeon Overview and Level Annotations

Branches:
Dungeon (3/15)

Altars:
Elyvilon

Annotations:
D:2 Crazy Yiuf


Innate Abilities, Weirdness & Mutations

Your plain brown scales are hard (AC +5).
Your body does not fit into most forms of armour.
Your cold-blooded metabolism reacts poorly to cold.


Message History

Aim: Crazy Yiuf, wielding a quarterstaff of chaos, wearing a cloak and carrying a wand of frost {zapped: 16} (almost dead)
The magic dart hits Crazy Yiuf.
Crazy Yiuf is almost dead.
Crazy Yiuf zaps a wand.
The puff of frost misses you.
Casting: Magic Dart
Confirm with . or Enter, or press ? or * to list all spells.
Aiming: Magic Dart
Press: ? - help, Shift-Dir - straight line, f/p - Crazy Yiuf
Aim: Crazy Yiuf, wielding a quarterstaff of chaos, wearing a cloak and carrying a wand of frost {zapped: 17} (almost dead)
The magic dart hits Crazy Yiuf.
Crazy Yiuf is almost dead.
Casting: Magic Dart
Confirm with . or Enter, or press ? or * to list all spells.
Aiming: Magic Dart
Press: ? - help, Shift-Dir - straight line, f/p - Crazy Yiuf
Aim: Crazy Yiuf, wielding a quarterstaff of chaos, wearing a cloak and carrying a wand of frost {zapped: 17} (almost dead)
The magic dart hits Crazy Yiuf.
Crazy Yiuf is almost dead.
Crazy Yiuf zaps a wand.
The puff of frost hits you!
You die...

#..## ##..#
#..## ##..#
#..## #####
#...# #...#
##..#
#.#.####.>#
#####@#.......#
#..g..#########
###.###.#<....#
...........)...#
###.###########


You could see Crazy Yiuf.

Vanquished Creatures
  3 adders (D:2)
  A worm (D:2)
  7 bats
  A giant cockroach (D:1)
  8 goblins
  5 hobgoblins
  4 jackals (D:2)
  3 kobolds (D:2)
  2 giant geckos (D:1)
  A giant newt (D:2)
  6 rats
41 creatures vanquished.

Notes
Turn   | Place    | Note
--------------------------------------------------------------
     0 | D:1      | Inkie, the Draconian Wizard, began the quest for the Orb.
     0 | D:1      | Reached XP level 1. HP: 14/14 MP: 4/4
   294 | D:1      | Reached XP level 2. HP: 18/20 MP: 0/6
  1209 | D:2      | Reached XP level 3. HP: 26/26 MP: 1/7
  2003 | D:2      | Learned a level 2 spell: Blink
  2007 | D:2      | Learned a level 3 spell: Conjure Flame
  2010 | D:2      | Learned a level 2 spell: Repel Missiles
  2011 | D:2      | Noticed Crazy Yiuf
  2254 | D:2      | Reached skill level 4 in Conjurations
  2254 | D:2      | Reached XP level 4. HP: 33/33 MP: 2/9
  2571 | D:3      | Found a white marble altar of Elyvilon.
  2833 | D:2      | HP: 1/33 [Crazy Yiuf/wand of frost (13)]
  2836 | D:2      | Killed from afar by Crazy Yiuf

Action                   |  1- 3 |  4- 6 || total
-------------------------+-------+-------++-------
Melee: Unarmed           |    34 |       ||    34
 Cast: Magic Dart        |    88 |    24 ||   112
  Eat: Chunk             |     3 |     2 ||     5
